 Dungeon Crawl Stone Soup version 0.31-a0-232-gb1c03b2570 (webtiles) character file.

Game seed: 11493031776505999303

18 qw the Shooter (level 2, -1/16 HPs)
             Began as a Gargoyle Hexslinger on July 6, 2023.
             Slain by a frilled lizard (2 damage)
             ... on level 1 of the Dungeon.
             The game lasted 00:00:13 (416 turns).

qw the Shooter (Gargoyle Hexslinger)                 Turns: 416, Time: 00:00:14

Health: -1/16      AC:  4    Str: 11    XL:     2   Next: 66%
Magic:  3/3        EV: 12    Int: 13    God:
Gold:   8          SH:  0    Dex: 12    Spells: 2/3 levels left

rFire   . . .        a - +1 sling
rCold   . . .        (no shield)
rNeg    + . .        c - +0 robe
rPois   inf          (no helmet)
rElec   +            (no cloak)
rCorr   .            (no gloves)
SInv    .            (no boots)
Will    .....        (no amulet)
Stlth   +            (no ring)
HPRegen 0.22/turn    (no ring)
MPRegen 0.08/turn

%: no passive effects
@: no status effects
A: sickness immunity, AC +2, negative energy resistance 1, electricity
resistance, torment resistance 1, petrification resistance
a: no special abilities


You were on level 1 of the Dungeon.
You visited 1 branch of the dungeon, and saw 1 of its levels.

You collected 8 gold pieces.


Innate Abilities, Weirdness & Mutations

You are immune to sickness and miasma.
Your stone body is resilient. (AC +2)
You are immune to poison.
You resist negative energy. (rN+)
You are resistant to electric shocks. (rElec)
You are resistant to unholy torment.
You are immune to petrification.


   Skills:
 + Level 1.4 Fighting
 - Level 3.0 Ranged Weapons
 - Level 1.5 Dodging
 - Level 1.0 Spellcasting
 - Level 2.6 Hexes


You had 2 spell levels left.
You knew the following spells:

 Your Spells              Type           Power      Damage    Failure   Level
a - Slow                  Hex            28%        N/A       10%         1

Your spell library contained the following spells:

 Spells                   Type           Power      Damage    Failure   Level
 Inner Flame              Hex/Fire       4%         N/A       43%         3
 Portal Projectile        Hex/Tloc       8%         N/A       43%         3
 Cause Fear               Hex            3%         N/A       67%         4

Inventory:

Hand Weapons
 a - a +1 sling (weapon)
Armour
 c - a +0 robe (worn)
 d - a +0 leather armour
Jewellery
 f - a +6 ring of strength
Scrolls
 b - a scroll of poison
 e - a scroll of brand weapon {unknown}

Dungeon Overview and Level Annotations

Branches:
Dungeon (1/15)

Altars:


Message History

The frilled lizard bites you but does no damage.
You shoot a sling bullet. The sling bullet hits the kobold.
The kobold is heavily wounded.
The frilled lizard completely misses you.
The kobold closely misses you. The frilled lizard closely misses you.
You shoot a sling bullet.
The sling bullet barely misses the kobold.
The frilled lizard misses you. The kobold hits you but does no damage.
The frilled lizard bites you but does no damage. x2
The frilled lizard bites you. The kobold closely misses you.
You shoot a sling bullet. The sling bullet hits the kobold.
You kill the kobold!
The frilled lizard bites you but does no damage.
The frilled lizard closely misses you.
You shoot a sling bullet.
The sling bullet barely misses the frilled lizard.
The frilled lizard bites you. The frilled lizard misses you.
You shoot a sling bullet.
The sling bullet misses the frilled lizard.
The frilled lizard misses you. The frilled lizard bites you.
You shoot a sling bullet.
The sling bullet completely misses the frilled lizard.
The frilled lizard bites you but does no damage.
The frilled lizard barely misses you. x3
You shoot a sling bullet.
The sling bullet closely misses the frilled lizard.
The frilled lizard closely misses you. x2
You shoot a sling bullet.
The sling bullet closely misses the frilled lizard.
The frilled lizard barely misses you. x2
You shoot a sling bullet.
The sling bullet misses the frilled lizard.
The frilled lizard bites you.
The frilled lizard bites you but does no damage.
The frilled lizard closely misses you.
The frilled lizard bites you but does no damage.
You shoot a sling bullet.
The sling bullet barely misses the frilled lizard.
The frilled lizard barely misses you. The frilled lizard bites you.
You die...

##.######.........#
.............>.####.#
.###..#.####.#.#.....#.#
....... #...#.#..##.#.#
....... #.###.#..##.#.#
....... #.# #.#..##.#.#
....... #.# #.#..##.#.#
......)###.###.#.....#..
......l@................
......l###...........#..
....... #.###.#).#....#
....... #.# #.#........
..#+##########.#.......#
#(..............#........
#........########.##...##
#........#...# #.##.....
#........#...####.##.....


You could see 2 frilled lizards.

Vanquished Creatures
  3 ball pythons (D:1)
  2 bats (D:1)
  An endoplasm (D:1)
  A hobgoblin (D:1)
  4 kobolds (D:1)
  A quokka (D:1)
  A frilled lizard (D:1)
  2 rats (D:1)
15 creatures vanquished.

Notes
Turn   | Place    | Note
-------+----------+-------------------------------------------
     0 | D:1      | qw the Gargoyle Hexslinger began the quest for the Orb.
     0 | D:1      | Reached XP level 1. HP: 12/12 MP: 2/2
     0 | D:1      | 0 ||| qw: Version: 0.3-a-46-gb1f654a
     0 | D:1      | 0 ||| qw: Game counter: 2136
     0 | D:1      | 0 ||| qw: Melee chars always use a shield: true
     0 | D:1      | 0 ||| qw: God list: Okawaru
     0 | D:1      | 0 ||| qw: Allow faded altars: false
     0 | D:1      | 0 ||| qw: Do Orc after clearing Dungeon:15 true
     0 | D:1      | 0 ||| qw: Do second Lair branch before Depths: true
     0 | D:1      | 0 ||| qw: Lair rune preference: random
     0 | D:1      | 0 ||| qw: Goals: Normal
     0 | D:1      | 0 ||| PLANNING D:1-11
   123 | D:1      | Reached XP level 2. HP: 16/16 MP: 3/3
   298 | D:1      | Reached skill level 3 in Ranged Weapons
   410 | D:1      | HP: 4/16 [frilled lizard (2)]
   411 | D:1      | HP: 1/16 [frilled lizard (3)]
   416 | D:1      | Slain by a frilled lizard

Levels and vault maps discovered:
D:1:      tarquinn_simple_flora_water_e, layout_basic, minmay_tall_x

Skill      XL: |  1  2 |
---------------+-------+-----
Ranged Weapons | 3 |  3.0
Fighting       | |  1.4
Dodging        | |  1.5
Spellcasting   | |  1.0
Hexes          | |  2.6

Action                     || total
---------------------------++-------
   Fire: Sling             ||    73
 Armour: Robe              ||    21
  Dodge: Dodged            ||    59

Table legend:
 A = Non-vault XP
 B = Vault XP
 C = Vault XP percentage of total XP
 D = Non-vault monster count
 E = Vault monster count
 F = Vault count percentage of total count
                 A         B        C        D         E       F
            +---------+---------+-------+---------+---------+-------
      Total |      26 |       0 |   0.0 |      15 |       0 |   0.0
            +---------+---------+-------+---------+---------+-------
        D:1 |      26 |       0 |   0.0 |      15 |       0 |   0.0
            +---------+---------+-------+---------+---------+-------
